 Dungeon Crawl Stone Soup version 0.31-a0-479-g91c9547826 (webtiles) character file.

Game seed: 6764994895118467130

28 Ethylacetat the Chopper (level 3, 0/20 HPs)
             Began as a Vine Stalker Monk on Aug 7, 2023.
             Slain by Natasha (3 damage)
             ... on level 2 of the Dungeon.
             The game lasted 00:00:59 (778 turns).

Ethylacetat the Chopper (Vine Stalker Monk)          Turns: 778, Time: 00:01:00

Health: 0/20       AC:  6    Str: 15    XL:     3   Next: 14%
Magic:  0/5        EV: 19    Int: 10    God:
Gold:   68         SH:  0    Dex: 16    Spells: 4/4 levels left

rFire   + + .        a - melded +0 hand axe
rCold   + + .        d - melded orb {light}
rNeg    + + +        b - melded +0 robe
rPois   ∞            (helmet currently unavailable)
rElec   +            (cloak currently unavailable)
rCorr   +            (gloves currently unavailable)
SInv    .            (boots currently unavailable)
Will    .....        (amulet currently unavailable)
Stlth   +            (ring currently unavailable)
HPRegen 0.23/turn    (ring currently unavailable)
MPRegen 0.09/turn

%: guardian spirit
@: wisp-form (expiring), flying
A: insubstantial, flying, no casting, tiny, (fangs 2), magic shield, (antimagic
bite), no potion heal 2
a: no special abilities


You were on level 2 of the Dungeon.
You were an insubstantial wisp.
You visited 1 branch of the dungeon, and saw 2 of its levels.

You collected 68 gold pieces.

Inventory:

Hand Weapons
 a - a +0 hand axe (melded)
Armour
 b - a +0 robe (melded)
 d - an orb of light (melded)
Scrolls
 e - a scroll of immolation {unknown}
 f - 2 scrolls of identify {unknown}
 g - a scroll of revelation {unknown}
 h - a scroll of vulnerability {unknown}
Potions
 c - a potion of ambrosia


   Skills:
 + Level 3.0 Fighting
 * Level 3.3 Axes
 - Level 2.4 Dodging
 + Level 1.1 Spellcasting


You had 4 spell levels left.
You didn't know any spells.
Your spell library contained the following spells:

 Spells                   Type           Power      Damage    Failure   Level
 Poisonous Vapours        Pois/Air       0%         N/A       45%         2
 Mephitic Cloud           Conj/Pois/Air  0%         N/A       71%         3
 Freezing Cloud           Conj/Ice/Air   0%         6-21      100%        5


Dungeon Overview and Level Annotations

Branches:
Dungeon (2/15)

Altars:

Annotations:
D:2 Natasha


Innate Abilities, Weirdness & Mutations

You are an insubstantial wisp.
Your tiny insubstantial body is highly resistant to most damage types.
You are flying.
Your equipment is entirely melded.
You are incapable of wielding weapons or throwing items.
You cannot cast spells.
((You have extremely sharp teeth.))
When hurt, damage is shared between your health and your magic reserves.
((Your bite disrupts and absorbs the magic of your enemies.))
Potions cannot restore your health.


Message History

Found a stone staircase leading down.
No target in view!
No target in view!
No target in view!
A frilled lizard comes into view.
Found a stone staircase leading up.
The frilled lizard hisses angrily.
Natasha, Servant of Life and Death comes into view.
She is carrying a wand of polymorph.
Natasha hisses angrily.
Natasha zaps a wand.
You turn into an insubstantial wisp.
Your +0 hand axe melds into your body.
Your orb of light melds into your body.
Your +0 robe melds into your body.
Found a club.
Natasha mumbles some strange words.
You miss Natasha.
Natasha wildly gestures.
You feel troubled. Natasha casts a spell at you. The magic dart hits you!
The frilled lizard misses you. The cerulean imp closely misses you.
The frilled lizard completely misses you.
Natasha attacks as you move away! Natasha claws you!
* * * LOW HITPOINT WARNING * * *
Natasha completely misses you.
The frilled lizard attacks as you move away!
The frilled lizard bites you but does no damage.
Natasha attacks as you move away! Natasha claws you.
* * * LOW HITPOINT WARNING * * *
Natasha attacks as you move away! Natasha barely misses you.
Natasha stares at you and mumbles some strange words.
The magic dart hits you.
* * * LOW HITPOINT WARNING * * *
Natasha mumbles some strange words.
Natasha shimmers violently.
Natasha mumbles some strange words.
Natasha glows brightly for a moment.
There is a stone staircase leading up here.
Your transformation is almost over.
Natasha claws you.
You die...

########## #...
#.........
#.#.####.......#.
................
...# #.......# ###.
..###lv.....# .....
#.##.h......# ...#.
#.#.5.......#
..>..##...#.......#
......#..##.......#
##.#......####.####
........5.# .#
###.##....## .#
..[........#


You could see Natasha, a cerulean imp (summoned) and a frilled lizard.

Vanquished Creatures
  A dart slug (D:1)
  2 endoplasms (D:1)
  A giant cockroach (D:1)
  3 goblins (D:1)
  A hobgoblin (D:2)
  2 jackals (D:1)
  2 quokkas (D:1)
  2 ball pythons (D:1)
  2 frilled lizards (D:1)
  4 kobolds (D:1)
  3 rats (D:1)
23 creatures vanquished.

Notes
Turn   | Place    | Note
-------+----------+-------------------------------------------
     0 | D:1      | Ethylacetat the Vine Stalker Monk began the quest for the
                  | Orb.
     0 | D:1      | Reached XP level 1. HP: 11/11 MP: 2/2
   135 | D:1      | Reached XP level 2. HP: 16/16 MP: 3/3
   288 | D:1      | Reached skill level 1 in Spellcasting
   302 | D:1      | Reached XP level 3. HP: 19/20 MP: 3/5
   765 | D:2      | Noticed Natasha
   778 | D:2      | Slain by Natasha

Illustrated notes

Levels and vault maps discovered:
D:1:      scummos_arrival_forest, layout_basic, serial_forest,
          infiniplex_forest_clump_double, infiniplex_forest_end_2,
          infiniplex_forest_end_2, infiniplex_forest_lined_3_way,
          infiniplex_forest_straight_5, infiniplex_forest_straight_3,
          infiniplex_forest_lined_1, chequers_arboretum
D:2:      layout_rooms, serial_shops,
          nicolae_shop_temple_entry_statues_fountains, uniq_natasha

Skill      XL: |  1  2 |
---------------+-------+-----
Axes           | 3 |  3.3
Spellcasting   | 1 |  1.1
Fighting       | 3 |  3.0
Dodging        | |  2.4

Action                     || total
---------------------------++-------
  Melee: Hand axe          ||    44
         Bite              ||    13
         Unarmed           ||     1
 Armour: Robe              ||     1
         Skin              ||     1
  Dodge: Dodged            ||    20

Table legend: (Time is in decaauts)
 A = Elapsed time spent in this place.
 B = Non-inter-level travel time spent in this place.
 C = Inter-level travel time spent in this place.
 D = Time resting spent in this place.
 E = Time spent auto-exploring this place.
 F = Levels seen in this place.
 G = Mean time per level.
                   A        B        C        D        E       F      G
               +--------+--------+--------+--------+--------+-----+--------+
         Total |    784 |    756 |     28 |      0 |    627 |   2 |  392.0 |
       Dungeon |    784 |    756 |     28 |      0 |    627 |   2 |  392.0 |
               +--------+--------+--------+--------+--------+-----+--------+

Top non-repeatable levels by time:
     D:1: 746 daAuts
     D:2: 38 daAuts
